 Dungeon Crawl Stone Soup version 0.23-a0-644-gb60d84b (webtiles) character file.

1200 Borgoz the Skirmisher (level 8, -5/71 HPs)
             Began as a Minotaur Berserker on Jan 1, 2019.
             Was an Elder of Trog.
             Killed by divine providence
             ... invoked by an orc priest
              (12 damage)
             ... on level 5 of the Dungeon.
             The game lasted 00:07:16 (4403 turns).

Borgoz the Skirmisher (Minotaur Berserker)          Turns: 4403, Time: 00:07:17

Health: -5/71      AC:  7    Str: 21    XL:     8   Next: 21%
Magic:  7/7        EV: 13    Int:  4    God:    Trog [****..]
Gold:   244        SH:  0    Dex: 13    Spells: 7/7 levels left

rFire    . . .     SeeInvis .   a - +0 hand axe
rCold    . . .     Gourm    .   (no shield)
rNeg     . . .     Faith    .   g - +0 scale mail
rPois    .         Spirit   .   (helmet restricted)
rElec    .         Reflect  .   (no cloak)
rCorr    .         Harm     .   (no gloves)
MR       .....                  (no boots)
Stlth    +.........             (no amulet)
HPRegen  0.21/turn              l - ring of stealth
MPRegen  0.10/turn              (no ring)

@: berserk cooldown, hasted and slowed
A: retaliatory headbutt, horns 2
a: Berserk, Trog's Hand, Brothers in Arms, Renounce Religion


You were on level 5 of the Dungeon.
You worshipped Trog.
Trog was greatly pleased with you.
You were near starving.

You visited 1 branch of the dungeon, and saw 5 of its levels.

You collected 244 gold pieces.

Inventory:

Hand Weapons
 a - a +0 hand axe (weapon)
 v - a +1 dagger of draining
 w - a +2 whip of freezing
 z - a +5 flail of holy wrath
Missiles
 y - 2 throwing nets (quivered)
Armour
 g - a +0 scale mail (worn)
Jewellery
 l - a ring of stealth (left hand)
 m - an uncursed amulet of faith {unknown}
 A - an uncursed amulet of rage {unknown}
Scrolls
 h - a scroll of immolation {unknown}
 j - 2 scrolls of fear {unknown}
 k - a scroll of noise {unknown}
 n - 3 scrolls of enchant armour {unknown}
 q - 4 scrolls of remove curse {unknown}
 r - a scroll of magic mapping {unknown}
 s - a scroll of random uselessness {unknown}
 t - a scroll of fog {unknown}
Potions
 b - 2 potions of brilliance
 d - 2 potions of mutation
 e - a potion of magic
 i - a potion of ambrosia
 o - 2 potions of agility
 p - a potion of curing
 x - a potion of resistance {unknown}
Comestibles
 c - 12 rations
 u - 3 chunks of flesh


   Skills:
 + Level 6.9 Fighting
 + Level 6.9 Axes
 + Level 6.3 Armour
 + Level 5.7 Dodging


You had 7 spell levels left.
You didn't know any spells.
Your spell library was empty.

Dungeon Overview and Level Annotations

Branches:
Dungeon (5/15)
 Temple: D:4-7

Altars:
Sif Muna
Uskayaw

Annotations:
D:5 Menkaure


Innate Abilities, Weirdness & Mutations

You reflexively headbutt those who attack you in melee.
You have a pair of horns on your head.


Message History

The orc wizard misses you.
Menkaure calls on the powers of darkness!
The orc priest convulses!
The orc wizard convulses!
Your body is wracked with pain!
* * * LOW HITPOINT WARNING * * *
Menkaure gestures wildly while chanting.
Menkaure seems to speed up.
The orc priest mumbles some strange prayers to Beogh against you.
Beogh smites you!
* * * LOW HITPOINT WARNING * * *
The orc wizard closely misses you.
You feel better. The orc wizard closely misses you.
You feel yourself speed up. The orc wizard casts a spell at you.
The magic dart hits you!
* * * LOW HITPOINT WARNING * * *
The orc wizard closely misses you.
The orc priest invokes the aid of Beogh against you.
Beogh smites you!
You die...

#.# #....#..# #.##
#.....>.## #..##
##).......#++
#...#####)†..........
#........†...........
###..................
##.....o..M........
####....#.÷.......
#.@o##........#
#.>..##.##....#
##.####.# .M.## #.#
##. .?. ### .. .. ..
. .#


You could see Menkaure, an orc priest and an orc wizard.

Vanquished Creatures
  A wyvern (D:5)
  Edmund (D:5)
  A phantom (D:4)
  Blork the orc (D:4)
  A gnoll sergeant (D:5)
  7 hounds
  A bullfrog skeleton (D:4)
  An orc wizard (D:4)
  A jelly (D:5)
  Jessica (D:2)
  Natasha (thrice) (D:2)
  3 worker ants
  5 adders
  10 gnolls
  An adder skeleton (D:4)
  A worm (D:2)
  A dart slug (D:1)
  4 leopard geckos
  13 orcs
  2 ball pythons
  12 bats
  6 giant cockroaches
  15 goblins
  11 hobgoblins
  4 jackals (D:4)
  17 kobolds
  2 quokkas
  5 frilled lizards
  4 rats
135 creatures vanquished.

Notes
Turn   | Place    | Note
-------+----------+-------------------------------------------
     0 | D:1      | Borgoz the Minotaur Berserker began the quest for the Orb.
     0 | D:1      | Reached XP level 1. HP: 19/19 MP: 0/0
   177 | D:1      | Reached XP level 2. HP: 25/27 MP: 1/1
   737 | D:1      | Reached XP level 3. HP: 33/33 MP: 2/2
  1031 | D:2      | Reached ** piety under Trog
  1031 | D:2      | Reached XP level 4. HP: 13/41 MP: 3/3
  1279 | D:2      | Noticed Jessica
  1283 | D:2      | Killed Jessica
  1391 | D:2      | Noticed Natasha
  1404 | D:2      | HP: 1/61 [shadow imp/nerve-wracking pain[Natasha] (7)]
  1405 | D:2      | Killed Natasha
  1865 | D:2      | Found a hide-covered altar of Uskayaw.
  1919 | D:2      | Reached XP level 5. HP: 39/47 MP: 4/4
  2088 | D:2      | Noticed Natasha
  2100 | D:2      | Killed Natasha
  2229 | D:2      | Noticed Natasha
  2238 | D:2      | Killed Natasha
  2892 | D:3      | Reached skill level 5 in Fighting
  3179 | D:4      | Reached skill level 5 in Axes
  3207 | D:4      | Reached *** piety under Trog
  3244 | D:4      | Reached XP level 6. HP: 46/56 MP: 5/5
  3437 | D:4      | Noticed Blork the orc
  3445 | D:4      | Killed Blork the orc
  3495 | D:4      | Reached skill level 5 in Armour
  3511 | D:4      | Reached XP level 7. HP: 57/62 MP: 6/6
  3532 | D:4      | Found a deep blue altar of Sif Muna.
  3947 | D:4      | Reached **** piety under Trog
  4084 | D:5      | Entered Level 5 of the Dungeon
  4195 | D:5      | Noticed Edmund
  4195 | D:5      | Noticed a wyvern
  4201 | D:5      | Killed a wyvern
  4201 | D:5      | Reached skill level 5 in Dodging
  4206 | D:5      | Killed Edmund
  4295 | D:5      | Reached XP level 8. HP: 56/71 MP: 7/7
  4395 | D:5      | Noticed Menkaure
  4400 | D:5      | HP: 3/71 [orc priest/divine providence (14)]
  4403 | D:5      | Killed from afar by an orc priest

Vault maps used:
D:1:      saegor_arrival_simple_a
D:2:      eat_drink_and_be_merry_uskayaw, serial_bayou_lake_a, uniq_natasha,
          uniq_jessica
D:4:      corexii_shantytown, old_standard_altar, uniq_blork_the_orc
D:5:      makhleb_heckhound_becter, temple_hall, first_ration,
          serial_gnoll_camp, gnoll_camp_mini_hut, grums_kennel,
          gnoll_camp_mini_loothouse, gnoll_camp_mini_sergeant,
          gnoll_camp_mini_house, gnoll_camp_mini_doghouse, uniq_menkaure,
          uniq_edmund, uniq_eustachio

Skill      XL: |  1  2  3  4  5  6  7 |
---------------+----------------------+-----
Fighting       | 4 5 6 |  6.9
Axes           | 4 5 6 |  6.9
Armour         | 3 4 5 6 |  6.3
Dodging        | 3 4 5 |  5.7

Action                   |  1- 3 |  4- 6 |  7- 9 || total
-------------------------+-------+-------+-------++-------
Melee: Hand axe          |    58 |   143 |   163 ||   364
       Headbutt          |     7 |    24 |    22 ||    53
Invok: Berserk           |       |     2 |     2 ||     4
  Use: Scroll            |       |     3 |     5 ||     8
       Potion            |       |       |     2 ||     2
  Eat: Chunk             |       |     7 |     3 ||    10
       Ration            |       |     1 |       ||     1
Armor: Animal skin       |     3 |       |       ||     3
       Scale mail        |    23 |    60 |    51 ||   134
Dodge: Dodged            |    52 |    94 |   104 ||   250

Table legend:
 A = Non-vault XP
 B = Vault XP
 C = Vault XP percentage of total XP
 D = Non-vault monster count
 E = Vault monster count
 F = Vault count percentage of total count
                 A         B        C        D         E       F
            +---------+---------+-------+---------+---------+-------
      Total |     994 |     721 |  42.0 |      90 |      45 |  33.3
            +---------+---------+-------+---------+---------+-------
        D:1 |      71 |       0 |   0.0 |      24 |       0 |   0.0
        D:2 |     144 |      72 |  33.3 |      22 |       2 |   8.3
        D:3 |      20 |       0 |   0.0 |      13 |       0 |   0.0
        D:4 |     425 |     182 |  30.0 |      22 |      33 |  60.0
        D:5 |     334 |     467 |  58.3 |       9 |      10 |  52.6
            +---------+---------+-------+---------+---------+-------
